 Dungeon Crawl Stone Soup version 0.28-b1-25-g9875b3fc8c (webtiles) character file.

Game seed: 557236193001357389

63 Renzlar the Shield-Bearer (level 4, -2/41 HPs)
             Began as a Gnoll Fighter on Feb 2, 2022.
             Slain by Ijyb (4 damage)
             ... on level 3 of the Dungeon.
             The game lasted 00:05:27 (1640 turns).

Renzlar the Shield-Bearer (Gnoll Fighter)           Turns: 1640, Time: 00:05:28

Health: -2/41      AC:  9    Str: 18    XL:     4   Next: 9%
Magic:  5/5        EV:  8    Int:  7    God:
Gold:   134        SH:  0    Dex: 11    Spells: 5/5 levels left

rFire   . . .      SeeInvis .   a - +0 war axe
rCold   . . .      Faith    .   i - +0 kite shield
rNeg    . . .      Spirit   .   g - +0 scale mail
rPois   .          Reflect  .   j - +0 helmet
rElec   .          Harm     .   (no cloak)
rCorr   .          Rampage  .   (no gloves)
Will    .....                   (no boots)
Stlth   ..........              (no amulet)
HPRegen 0.13/turn               (no ring)
MPRegen 0.09/turn               (no ring)

@: confused, lethally poisoned (-2 -> -17)
A: fangs 1, strong nose, distributed training
a: no special abilities


You were on level 3 of the Dungeon.
You visited 1 branch of the dungeon, and saw 3 of its levels.

You collected 134 gold pieces.

Inventory:

Hand Weapons
 a - a +0 war axe (weapon)
 b - a +2 short sword of protection
 c - a +0 hunting sling
Missiles
 e - 46 bolts
 f - 77 stones (quivered)
Armour
 g - a +0 scale mail (worn)
 i - a +0 kite shield (worn)
 j - a +0 helmet (worn)
Potions
 d - 3 potions of might
 h - 2 potions of curing {unknown}
 k - a potion of ambrosia {unknown}
 l - 2 potions of attraction {unknown}
 m - a potion of mutation {unknown}


   Skills:
 + Level 6.6 Fighting
 + Level 1.0 Short Blades
 + Level 1.0 Long Blades
 + Level 4.6 Axes
 + Level 1.0 Maces & Flails
 + Level 1.0 Polearms
 + Level 1.0 Staves
 + Level 1.0 Slings
 + Level 1.0 Bows
 + Level 1.0 Crossbows
 + Level 1.0 Throwing
 + Level 6.6 Armour
 + Level 1.0 Dodging
 + Level 1.0 Stealth
 + Level 6.6 Shields
 + Level 1.0 Unarmed Combat
 + Level 1.0 Spellcasting
 + Level 0.8 Conjurations
 + Level 0.8 Hexes
 + Level 0.8 Summonings
 + Level 0.8 Necromancy
 + Level 0.8 Translocations
 + Level 0.8 Transmutations
 + Level 0.8 Fire Magic
 + Level 0.8 Ice Magic
 + Level 0.8 Air Magic
 + Level 0.8 Earth Magic
 + Level 0.8 Poison Magic
 + Level 1.1 Invocations
 + Level 1.0 Evocations


You had 5 spell levels left.
You didn't know any spells.
Your spell library was empty.

Dungeon Overview and Level Annotations

Branches:
Dungeon (3/15)

Altars:

Annotations:
D:3 2 transporters, Ijyb; crazypyro's ghost, weakling DsFi


Innate Abilities, Weirdness & Mutations

You have very sharp teeth.
Your uncanny sense of smell can sniff out nearby items.
Your experience applies equally to all skills.


Message History

You miss Ijyb. You bite Ijyb, but do no damage.
Ijyb is lightly wounded.
You feel sick.
Ijyb zaps a wand.
Your will is overpowered!
You are confused.
Ijyb zaps a wand.
You resist with some effort.
Unknown command.
You're too confused to move!
You feel sick. Ijyb hits you but does no damage.
You are more poisoned.
You miss Ijyb.
Ijyb is lightly wounded.
You feel very sick.
Ijyb zaps a wand.
You resist with some effort.
You barely miss Ijyb. Your bite misses Ijyb.
Ijyb is lightly wounded.
You feel very sick. Ijyb hits you but does no damage.
You are more poisoned.
Ijyb hits you with a +2 dagger of venom.
You are more poisoned.
You feel very sick.
Found a stone staircase leading up.
You feel very sick.
Ijyb zaps a wand.
Your will is overpowered!
You are more confused.
You feel very sick. Ijyb hits you but does no damage.
You are lethally poisoned!
You bump into the rock wall.
* * * LOW HITPOINT WARNING * * *
You feel very sick.
Ijyb hits you with a +2 dagger of venom.
* * * LOW HITPOINT WARNING * * *
You are more poisoned.
Unknown command.
You barely miss Ijyb.
Ijyb is lightly wounded.
* * * LOW HITPOINT WARNING * * *
You feel very sick.
Ijyb hits you with a +2 dagger of venom.
You die...

#....#..#8#.#8#..#..#
#....#..###.# #..#..#
#....#Z..... ....#..#
....##..#©.!........#..#
.....
#..#############..# ....
#..........
.....##..........
.................
........@g####..
<....###.....# # .....
##..#..... .... #$.#
#... ### #.<. .. #.#.#
#.... ##...#


You could see Ijyb.

Vanquished Creatures
  An adder (D:2)
  A dart slug (D:1)
  5 endoplasms
  4 giant cockroaches
  7 goblins
  2 hobgoblins (D:1)
  4 quokkas
  7 ball pythons
  8 bats
  3 frilled lizards
  4 kobolds
  2 rats
48 creatures vanquished.

Notes
Turn   | Place    | Note
-------+----------+-------------------------------------------
     0 | D:1      | Renzlar the Gnoll Fighter began the quest for the Orb.
     0 | D:1      | Reached XP level 1. HP: 23/23 MP: 1/1
   140 | D:1      | Reached XP level 2. HP: 29/29 MP: 2/2
   356 | D:1      | Reached XP level 3. HP: 28/35 MP: 3/3
   894 | D:2      | Reached skill level 1 in Invocations
  1232 | D:2      | Reached skill level 1 in Short Blades
  1232 | D:2      | Reached skill level 1 in Long Blades
  1232 | D:2      | Reached skill level 1 in Maces & Flails
  1232 | D:2      | Reached skill level 1 in Polearms
  1232 | D:2      | Reached skill level 1 in Staves
  1232 | D:2      | Reached skill level 1 in Slings
  1232 | D:2      | Reached skill level 1 in Bows
  1232 | D:2      | Reached skill level 1 in Crossbows
  1232 | D:2      | Reached skill level 1 in Throwing
  1232 | D:2      | Reached skill level 1 in Dodging
  1232 | D:2      | Reached skill level 1 in Stealth
  1232 | D:2      | Reached skill level 1 in Unarmed Combat
  1232 | D:2      | Reached skill level 1 in Spellcasting
  1232 | D:2      | Reached skill level 1 in Evocations
  1458 | D:2      | Reached XP level 4. HP: 41/41 MP: 5/5
  1563 | D:3      | Found a transporter.
  1563 | D:3      | Noticed crazypyro's ghost (weakling DsFi)
  1613 | D:3      | Found a transporter.
  1625 | D:3      | Noticed Ijyb
  1640 | D:3      | HP: 2/41 [poisoned by Ijyb]
  1640 | D:3      | Slain by Ijyb

Illustrated notes

Levels and vault maps discovered:
D:1:      shiori_shiawase, layout_rooms
D:2:      layout_loops_ring
D:3:      layout_rooms, ebering_ecumenical_altar_mist,
          gammafunk_ghost_mausoleum, corexii_shack, uniq_ijyb

Skill      XL: |  1  2  3 |
---------------+----------+-----
Invocations    | 1 |  1.1
Short Blades   | 1 |  1.0
Long Blades    | 1 |  1.0
Maces & Flails | 1 |  1.0
Polearms       | 1 |  1.0
Staves         | 1 |  1.0
Slings         | 1 |  1.0
Bows           | 1 |  1.0
Crossbows      | 1 |  1.0
Throwing       | 1 |  1.0
Dodging        | 1 |  1.0
Stealth        | 1 |  1.0
Unarmed Combat | 1 |  1.0
Spellcasting   | 1 |  1.0
Evocations     | 1 |  1.0
Fighting       | |  6.6
Axes           | |  4.6
Armour         | |  6.6
Shields        | |  6.6
Conjurations   | |  0.8
Hexes          | |  0.8
Summonings     | |  0.8
Necromancy     | |  0.8
Translocations | |  0.8
Transmutations | |  0.8
Fire Magic     | |  0.8
Ice Magic      | |  0.8
Air Magic      | |  0.8
Earth Magic    | |  0.8
Poison Magic   | |  0.8

Action                   |  1- 3 |  4- 6 || total
-------------------------+-------+-------++-------
Melee: War axe           |   111 |    17 ||   128
       Bite              |     8 |     2 ||    10
       Short sword       |    11 |       ||    11
  Use: Scroll            |     4 |       ||     4
Armor: Scale mail        |    66 |     9 ||    75
Dodge: Dodged            |    54 |     4 ||    58
Block: Buckler           |    29 |       ||    29
       Kite shield       |    18 |     5 ||    23
